AoeStats
← SirFelatus

Golden Pit

508298272Analyzed
1v1 RM · 10d ago on Sep 21, 2026· 48m 50s· 2 players
Game mode
Random Map
Map size
Tiny (2 player)
Population
200
Speed
Normal
Resources
Standard
Victory
Conquest
Starting age
Dark Age
Ending age
Imperial Age
RankedLock teamsTeams togetherTeam positionsShared explorationLock speedFull tech treeHidden civsTurbo modeCheats
Victory
Defeat
🇺🇸 Maya · United States
825
+37
🇪🇸 Britons · Spain
791
-14
SirFelatus
0:27 Loom
9:54 Feudal Age
10:23 Town Watch
10:27 Double-Bit Axe
13:25 Horse Collar
18:03 Fletching
18:15 Padded Archer Armor
21:31 Castle Age
20:11 Fletching
20:23 Padded Archer Armor
20:38 Stone Mining
21:49 Forging
21:49 Crossbowman
32:44 Wheelbarrow
32:24 Bow Saw
33:44 Heavy Plow
39:32 Imperial Age
37:39 Sanctity
36:52 Elite Skirmisher
38:08 Hand Cart
39:23 Gold Mining
39:32 Bodkin Arrow
42:25 Chemistry
42:05 Leather Archer Armor
43:08 Yeomen
44:01 Bracer
44:13 Husbandry
43:33 Cavalier
44:54 Ring Archer Armor
YukiLoveYu
2:07 Loom
11:33 Feudal Age
12:21 Double-Bit Axe
12:18 Horse Collar
21:07 Castle Age
20:36 Fletching
21:08 Gold Mining
22:00 Bodkin Arrow
22:06 Padded Archer Armor
21:47 Crossbowman
23:47 Leather Archer Armor
24:37 Stone Mining
27:18 Bow Saw
27:10 Heavy Plow
26:59 Pikeman
29:53 Thumb Ring
30:33 Squires
35:07 Eagle Warrior
38:34 Imperial Age
37:40 Ballistics
38:46 Forging
39:21 Wheelbarrow
40:22 Chemistry
39:20 Arbalester
40:24 Halberdier
42:22 Conscription
42:43 Bracer
43:14 Ring Archer Armor
43:29 Stone Shaft Mining
44:50 Elite Eagle Warrior
46:09 Holcans
46:59 Elite Skirmisher
47:35 Arson
49:13 Hand Cart
Connection lost

Rejoining the realm…

Still unreachable

The connection could not be restored.

Session expired

The server has moved on; the page needs a fresh start.